 Dungeon Crawl Stone Soup version 0.28-a0-1415-g7c84da036a (webtiles) character file.

Game seed: 366007359144791637

53 eustatius the Chopper (level 3, -4/33 HPs)
             Began as a Hill Orc Cinder Acolyte on Jan 8, 2022.
             Was a High Priest of Ignis.
             Slain by a water moccasin (9 damage)
             ... on level 3 of the Dungeon.
             The game lasted 00:06:55 (2036 turns).

eustatius the Chopper (Hill Orc Cinder Acolyte)     Turns: 2036, Time: 00:06:56

Health: -4/33      AC:  2    Str: 16    XL:     3   Next: 87%
Magic:  3/4        EV: 11    Int: 16    God:    Ignis [*****.]
Gold:   71         SH:  0    Dex:  6    Spells: 2/4 levels left

rFire   + . .      SeeInvis .   a - -1 hand axe (flame)
rCold   . . .      Faith    .   (no shield)
rNeg    . . .      Spirit   .   b - +0 robe
rPois   .          Reflect  .   (no helmet)
rElec   .          Harm     .   (no cloak)
rCorr   .          Rampage  .   (no gloves)
Will    .....                   (no boots)
Stlth   +.........              (no amulet)
HPRegen 0.11/turn               (no ring)
MPRegen 0.09/turn               (no ring)

@: no status effects
A: no striking features
a: Renounce Religion, Fiery Armour, Foxfire Swarm, Rising Flame


You were on level 3 of the Dungeon.
You worshipped Ignis.
Ignis was extremely pleased with you.
You visited 1 branch of the dungeon, and saw 3 of its levels.

You collected 71 gold pieces.

Inventory:

Hand Weapons
 a - a -1 hand axe of flaming (weapon)
 p - a +1 dagger of venom
Missiles
 e - 5 boomerangs (quivered)
 n - 6 curare-tipped darts
Armour
 b - a +0 robe (worn)
 f - an orb of mayhem
Magical Staves
 l - a staff of death
Jewellery
 q - a +4 ring of protection
 r - a +4 ring of evasion
Scrolls
 c - a scroll of teleportation {unknown}
 g - 3 scrolls of identify {unknown}
 h - a scroll of enchant armour {unknown}
 j - a scroll of fear {unknown}
 o - a scroll of enchant weapon {unknown}
Potions
 d - a potion of invisibility {unknown}
 i - a potion of brilliance {unknown}
 k - a potion of attraction {unknown}
 m - a potion of ambrosia {unknown}
 s - a potion of heal wounds {unknown}


   Skills:
 + Level 3.8 Fighting
 * Level 4.8 Axes
 * Level 1.0 Armour
 * Level 1.0 Dodging
 + Level 0.1 Stealth
 + Level 1.0 Spellcasting
 * Level 3.7 Fire Magic


You had 2 spell levels left.
You knew the following spells:

 Your Spells              Type           Power      Damage    Failure   Level
a - Scorch                Fire           24%        2d6       8%          2

Your spell library contained the following spells:

 Spells                   Type           Power      Damage    Failure   Level
 Corpse Rot               Necr/Air       0%         N/A       34%         2
 Poisonous Vapours        Pois/Air       0%         N/A       34%         2


Dungeon Overview and Level Annotations

Branches:
Dungeon (3/15)

Altars:


Message History

You feel sick. The bat closely misses you. The bat hits you but does no damage.
You feel sick. The bat hits you but does no damage.
The water moccasin barely misses you. The bat barely misses you.
The water moccasin misses you.
Casting: Scorch (safe; 8% risk of failure)
Confirm with . or Enter, or press ? or * to list all spells.
You don't have enough magic to cast this spell.
You feel sick. The bat hits you but does no damage.
You see here an adder corpse.
You feel sick. The bat hits you.
* * * LOW HITPOINT WARNING * * *
Casting: Scorch (safe; 8% risk of failure)
Confirm with . or Enter, or press ? or * to list all spells.
You don't have enough magic to cast this spell.
Casting: Scorch (safe; 8% risk of failure)
Confirm with . or Enter, or press ? or * to list all spells.
You don't have enough magic to cast this spell.
You feel sick. The bat misses you.
You feel sick. The bat closely misses you. The bat hits you.
* * * LOW HITPOINT WARNING * * *
Casting: Scorch (safe; 8% risk of failure)
Confirm with . or Enter, or press ? or * to list all spells.
You don't have enough magic to cast this spell.
You closely miss the bat.
You feel sick.
You are no longer poisoned.
The bat closely misses you. The water moccasin barely misses you.
Found a stone staircase leading down.
The water moccasin barely misses you.
The water moccasin bites you but does no damage.
An adder comes into view.
The adder hisses angrily.
The bat hits you but does no damage. The bat closely misses you.
The bat closely misses you. The bat misses you. The bat completely misses you.
The water moccasin bites you but does no damage.
The bat barely misses you. The bat hits you but does no damage.
The bat closely misses you. The bat barely misses you.
The water moccasin bites you!
You die...

############# ....#.......#
#...#.#####.######
.................
#.....#.....##..### ##
#....##.....##..... ..#
##.#.##.....##..#########.# #
.#.#.##..........S......#.###.#
........†.......@b..S...........>
...#.#.....###........#.#..##....
####.#.....# #.#...#..#.#..##..#.
# #.#...### #........#..........
# #.#...# ####..######..##..# .
..#...# #.(....b...# ## #######
######..#######.#
.......†..........
....................


You could see a water moccasin, an adder and a bat.

Vanquished Creatures
  2 adders
  3 bats
  2 endoplasms (D:2)
  A giant cockroach (D:2)
  2 goblins
  3 hobgoblins (D:2)
  3 jackals (D:3)
  2 quokkas (D:2)
  8 ball pythons
  3 frilled lizards (D:2)
  2 kobolds (D:1)
  2 rats
33 creatures vanquished.

Notes
Turn   | Place    | Note
-------+----------+-------------------------------------------
     0 | D:1      | eustatius the Hill Orc Cinder Acolyte began the quest for
                  | the Orb.
     0 | D:1      | Reached XP level 1. HP: 19/19 MP: 2/2
   239 | D:1      | Found a faded altar of an unknown god.
   249 | D:1      | Reached XP level 2. HP: 18/27 MP: 3/3
  1152 | D:2      | Learned a level 2 spell: Scorch
  1164 | D:2      | Reached XP level 3. HP: 33/33 MP: 4/4
  1790 | D:3      | Reached skill level 1 in Dodging
  1995 | D:3      | Reached skill level 1 in Armour
  2004 | D:3      | Noticed a water moccasin
  2036 | D:3      | Slain by a water moccasin

Illustrated notes

Levels and vault maps discovered:
D:1:      dpeg_arrival_tiny_h, layout_loops_ring,
          nicolae_ecumenical_snake_handling
D:2:      layout_basic, minivault_26, kennysheep_generic_room_8
D:3:      layout_basic, uniq_crazy_yiuf_cottage

Skill      XL: |  1  2  3 |
---------------+----------+-----
Dodging        | 1 |  1.0
Armour         | 1 |  1.0
Fighting       | |  3.8
Axes           | |  4.8
Stealth        | |  0.1
Spellcasting   | |  1.0
Fire Magic     | |  3.7

Action                   || total
-------------------------++-------
Melee: Hand axe          ||    71
 Cast: Scorch            ||     8
Armor: Robe              ||    32
Dodge: Dodged            ||    86

Table legend: (Time is in decaauts)
 A = Elapsed time spent in this place.
 B = Non-inter-level travel time spent in this place.
 C = Inter-level travel time spent in this place.
 D = Time resting spent in this place.
 E = Time spent auto-exploring this place.
 F = Levels seen in this place.
 G = Mean time per level.
                   A        B        C        D        E       F      G
               +--------+--------+--------+--------+--------+-----+--------+
         Total |   2041 |   1953 |     88 |    124 |   1363 |   3 |  680.3 |
       Dungeon |   2041 |   1953 |     88 |    124 |   1363 |   3 |  680.3 |
               +--------+--------+--------+--------+--------+-----+--------+

Top non-repeatable levels by time:
     D:1: 1018 daAuts
     D:2: 706 daAuts
     D:3: 316 daAuts
